 Dungeon Crawl Stone Soup version 0.30-a0-986-g7f2e898f52 (webtiles) character file.

Game seed: 10371230754420679531

239477 Monkooky the Eclecticist (level 19, -31/100 HPs)
             Began as a Deep Elf Venom Mage on Apr 2, 2023.
             Was the Champion of Hepliaklqana.
             Killed from afar by a deep elf sorcerer (49 damage)
             ... with a bolt of acid
             ... on level 3 of the Elven Halls.
             The game lasted 02:47:25 (36904 turns).

Monkooky the Eclecticist (Deep Elf Venom Mage)     Turns: 36904, Time: 02:47:26

Health: -31/100    AC: 10    Str:  5    XL:     19   Next: 2%
Magic:  2/43       EV: 20    Int: 38    God:    Hepliaklqana [******]
Gold:   1728       SH:  9    Dex: 19    Spells: 6/54 levels left

rFire   . . .      SeeInvis .    X - staff of conjuration
rCold   . . .      Faith    .    F - +3 warlock's mirror {omnireflect}
rNeg    . . .      Spirit   .    s - +2 robe {Archmagi}
rPois   .          Reflect  +    a - +2 helmet
rElec   .          Rampage  .    A - +2 cloak
rCorr   .          Archmagi +    z - +2 pair of gloves
Will    +....                    y - +0 pair of boots of Lifelessness {Fly Regen+}
Stlth   ++                       p - amulet "Aseuvext" {RegenMP Int+3 Dex+4}
HPRegen 1.16/turn                K - ring of wizardry
MPRegen 0.68/turn                I - +6 ring of intelligence

@: corroded, flying
A: reduced essence
}: 1/15 runes: serpentine
a: Renounce Religion, Recall Ancestor, Ancestor Identity, Transference, Idealise


You were on level 3 of the Elven Halls.
You worshipped Hepliaklqana.
Hepliaklqana was exalted by your worship.
You visited 6 branches of the dungeon, and saw 30 of its levels.
You also visited: Trove and Volcano.

You collected 3245 gold pieces.
You spent 1517 gold pieces at shops.

Inventory:

Hand Weapons
 w - the +1 bardiche of Context {freeze, rN+ Str-2 Int+8 SInv}
   (You found it on level 3 of the Lair of Beasts)

   Str:       It affects your strength (-2).
   Int:       It affects your intelligence (+8).
   rN:        It protects you from negative energy.
   SInv:      It lets you see invisible.
Missiles
 P - 9 curare-tipped darts
 S - a throwing net
Armour
 a - a +2 helmet (worn)
 s - a +2 robe of the Archmagi (worn)
 y - the +0 pair of boots of Lifelessness (worn) {Fly Regen+}
   (You bought it in a shop on level 1 of the Orcish Mines)

   Fly:       It grants you flight.
   Regen:     It increases your rate of health regeneration.
 z - a +2 pair of gloves (worn)
 A - a +2 cloak (worn)
 F - the +3 warlock's mirror (worn) {omnireflect}
   (You acquired it on level 2 of the Elven Halls)

   Omnireflect: It can block and reflect piercing ranged attacks and magical
   attacks against the wielder's willpower.
Magical Staves
 j - the staff of cold "Coyvuiq" {*Slow rC+ Int+4 Dex+5}
   (You found it on level 3 of the Snake Pit)

   [staff of cold]

   Base accuracy: +5 Base damage: 5 Base attack delay: 1.2 This weapon's minimum
   attack delay (0.6) is reached at skill level 12.
   Int:       It affects your intelligence (+4).
   Dex:       It affects your dexterity (+5).
   rC:        It protects you from cold.
   *Slow:     It may slow you when you take damage.
   It falls into the 'Staves' category.
   It is a one-handed weapon.
 X - a staff of conjuration (weapon)
Jewellery
 p - the amulet "Aseuvext" (around neck) {RegenMP Int+3 Dex+4}
   (You found it in a treasure trove)

   [amulet of magic regeneration]

   It increases your rate of magic regeneration.
   Int:       It affects your intelligence (+3).
   Dex:       It affects your dexterity (+4).
 u - a ring of resist corrosion
 B - a ring of see invisible
 I - a +6 ring of intelligence (right hand)
 K - a ring of wizardry (left hand)
 M - a ring of poison resistance
Wands
 l - a wand of paralysis (6)
 o - a wand of mindburst (36)
 v - a wand of roots (24)
 N - a wand of flame (41)
 Q - a wand of digging (2)
 W - a wand of quicksilver (8)
Scrolls
 g - 8 scrolls of amnesia
 h - 14 scrolls of poison
 r - 5 scrolls of immolation
 x - 5 scrolls of silence
 C - 5 scrolls of vulnerability
 H - 2 scrolls of blinking
 L - 2 scrolls of teleportation
 R - 3 scrolls of fog
 T - 2 scrolls of fear
 U - 6 scrolls of magic mapping
 Y - a scroll of butterflies
Potions
 b - 8 potions of magic
 d - 7 potions of resistance
 e - 3 potions of lignification
 i - 7 potions of curing
 m - 6 potions of haste
 n - 8 potions of brilliance
 q - 5 potions of invisibility
 t - a potion of ambrosia
 D - 6 potions of heal wounds
 E - 4 potions of mutation
 G - a potion of flight
 J - 6 potions of might
 O - a potion of cancellation
Miscellaneous
 f - a box of beasts
 k - a phial of floods
 V - a tin of tremorstones (2/2)


   Skills:
 - Level 9.7 Fighting
 - Level 12.4 Dodging
 - Level 2.4 Stealth
 - Level 5.1 Shields
 + Level 18.1 Spellcasting
 - Level 10.5 Conjurations
 - Level 15.0 Hexes
 - Level 14.3 Summonings
 + Level 14.0 Translocations
 - Level 1.1 Transmutations
 - Level 3.0 Air Magic
 - Level 8.2 Poison Magic
 - Level 7.0 Invocations
 - Level 10.9 Evocations


You had 6 spell levels left.
You knew the following spells:

 Your Spells              Type           Power      Damage    Failure   Level
a - Summon Hydra          Summ           60%        N/A       1%          7
b - Mephitic Cloud        Conj/Pois/Air  100%       N/A       1%          3
c - Olgreb's Toxic Radia  Pois           98%        N/A       1%          4
d - Fulminant Prism       Conj/Hex       69%        3d28      1%          4
e - Iskenderun's Mystic   Conj/Tloc      100%       2d19      1%          4
f - Swiftness             Air            72%        N/A       1%          3
g - Summon Cactus Giant   Summ           60%        N/A       1%          6
h - Enfeeble              Hex            61%        N/A       1%          7
i - Disjunction           Tloc           59%        N/A       9%          8
j - Blink                 Tloc           100%       N/A       0%          2

Your spell library contained the following spells:

 Spells                   Type           Power      Damage    Failure   Level
 Apportation              Tloc           100%       N/A       0%          1
 Magic Dart               Conj           100%       1d8       0%          1
 Slow                     Hex            100%       N/A       0%          1
 Summon Small Mammal      Summ           100%       N/A       0%          1
 Lesser Beckoning         Tloc           100%       N/A       0%          2
 Momentum Strike          Conj/Tloc      100%       3d10      0%          2
 Searing Ray              Conj           100%       2d8       0%          2
 Confusing Touch          Hex            100%       N/A       0%          3
 Dazzling Flash           Conj/Hex       100%       N/A       0%          3
 Portal Projectile        Hex/Tloc       100%       N/A       0%          3
 Summon Guardian Golem    Hex/Summ       100%       N/A       0%          3
 Tukima's Dance           Hex            100%       N/A       0%          3
 Necrotise                Necr           100%       1d9       1%          1
 Sting                    Tmut/Pois      100%       1d8       1%          1
 Cigotuvi's Dreadful Rot  Necr/Pois/Air  100%       N/A       1%          2
 Ensorcelled Hibernation  Hex/Ice        100%       N/A       1%          2
 Passwall                 Tmut/Erth      45%        N/A       1%          2
 Poisonous Vapours        Pois/Air       100%       N/A       1%          2
 Scorch                   Fire           100%       2d10      1%          2
 Sublimation of Blood     Necr           51%        N/A       1%          2
 Wereblood                Tmut           59%        N/A       1%          2
 Inner Flame              Hex/Fire       95%        N/A       1%          3
 Kindle Blastsparks       Fire/Tloc/Air  100%       2d18      1%          3
 Ozocubu's Armour         Ice            51%        N/A       1%          3
 Spider Form              Tmut/Pois      81%        N/A       1%          3
 Vampiric Draining        Necr           51%        2d9       1%          3
 Anguish                  Hex/Necr       47%        N/A       1%          4
 Flame Wave               Conj/Fire      100%       2d21      1%          4
 Manifold Assault         Tloc           100%       N/A       1%          4
 Fireball                 Conj/Fire      53%        3d21      1%          5
 Metabolic Englaciation   Hex/Ice        47%        N/A       1%          5
 Summon Mana Viper        Hex/Summ       100%       N/A       1%          5
 Dispersal                Tloc           59%        N/A       1%          6
 Dispel Undead            Necr           51%        3d19      4%          4
 Plasma Beam              Fire/Air       31%        2x1d32    7%          5
 Blade Hands              Tmut           29%        N/A       9%          5
 Lee's Rapid Deconstruct  Erth           25%        3d14*     12%         5
 Death Channel            Necr           25%        N/A       52%         6
 Simulacrum               Ice/Necr       25%        N/A       52%         6
 Orb of Destruction       Conj           65%        9d15      4%          7
 Ozocubu's Refrigeration  Ice            25%        4d13      97%         7


Dungeon Overview and Level Annotations

Branches:
Dungeon (15/15)            Temple (0/1) D:4            Lair (5/5) D:10
  Swamp (1/4) Lair:2        Snake (4/4) Lair:2        Slime (0/5) Lair:4
    Orc (2/2) D:12            Elf (3/3) Orc:2        Vaults (0/5) D:13
 Depths (0/4) D:15        Volcano (visited)

Altars:
Ashenzari
Dithmenos
Elyvilon
Gozag
Hepliaklqana
Kikubaaqudgha
Nemelex Xobeh
Okawaru
Qazlal
Ru
Sif Muna
Trog
Uskayaw
Vehumet
Jiyva

Shops:
D:6 !   D:7 !   D:10 !   D:15 [   Orc:1 ([[   Orc:2 ***=*   Snake:2 (*[[
Snake:4 *[

Annotations:
D:5 1 runed translucent door, DeathPants's ghost, novice VSNe
D:10 exclusion: downstairs
Lair:4 exclusion: 2 downstairs
Orc:2 3 runed translucent doors, exclusion: obsidian statue, Demosthentine's ghost, journeyman DsGl
Elf:2 3 runed translucent doors


Message History

A deep elf annihilator comes into view. It is wielding a +0 rapier of draining.
The deep elf sorcerer is engulfed in noxious fumes.
Mettia hits the deep elf sorcerer with a +0 broad axe of flaming!
Mettia burns the deep elf sorcerer.
The deep elf sorcerer hits your seven-headed hydra with a +0 dagger!
Mettia misses the deep elf sorcerer.
The deep elf sorcerer casts a spell at you.
Your seven-headed hydra is devoured by a tear in reality.
Unknown command.
Unknown command.
Unknown command.
Casting: Summon Hydra (dangerous; 1% risk of failure)
Confirm with . or Enter, or press ? or * to list all spells.
You feel a surge of power!
A five-headed hydra appears.
The deep elf sorcerer hits your five-headed hydra with a +0 dagger.
The deep elf sorcerer hits your five-headed hydra with a +0 dagger!
Unknown command.
Casting: Summon Hydra (dangerous; 1% risk of failure)
Confirm with . or Enter, or press ? or * to list all spells.
Aiming: Mephitic Cloud (safe; 1% risk of failure)
Press: ? - help, Shift-Dir - straight line, f/p - deep elf sorcerer
Aim: a deep elf sorcerer, wielding a +0 dagger (translocational energy, moderately wounded, fast, spells empowered, poisoned, weak, ally target, magic disrupted, chance to affect: 34%)
You feel a strong surge of power!
The ball explodes into a vile cloud!
The stinking cloud engulfs your five-headed hydra but does no damage.
Your five-headed hydra is lightly wounded.
The stinking cloud engulfs the deep elf sorcerer but does no damage.
The deep elf sorcerer is moderately wounded.
The deep elf sorcerer's magic is no longer disrupted.
The deep elf sorcerer is no longer weakened.
The deep elf sorcerer points at you and mumbles some strange words.
Your five-headed hydra is devoured by a tear in reality.
Unknown command.
The deep elf sorcerer points at you and mumbles some strange words.
The bolt of acid hits you!!!
* * * LOW HITPOINT WARNING * * *
The acid corrodes you!
The deep elf sorcerer becomes larger for a moment.
The deep elf sorcerer points at you and mumbles some strange words.
The bolt of acid hits you!!!
You die...

#..'...#.....................#..
#..#...#.....................#..
#..#...#.....................#..
#..#...####'##########'#######..
#..#............................
#..#...........!................
#:.#............................
#..#########################'###
#..............@................
#...........§§☼............)....
#############§##################
#e# ###)### ##.RDe.##
###.......### #...........#
#.......e...#


You could see a deep elf sorcerer (fast, empowered, poisoned).

Vanquished Creatures
  A deep elf blademaster (Elf:3)
  A deep elf sorcerer (Elf:2)
  2 deep elf demonologists (Elf:3)
  Josephine (Snake:1)
  3 deep elf high priests (Elf:3)
  A hydra (Lair:4)
  A catoblepas (Lair:5)
  2 two-headed ogres
  6 death yaks (Lair:2)
  A naga warrior (Snake:4)
  Urug (D:10)
  3 naga sharpshooters
  3 orc high priests (Orc:2)
  8 deep elf knights
  A skeletal warrior (D:11)
  A skyshark (Lair:5)
  2 deep elf archers (Elf:2)
  A naga ritualist (Snake:4)
  A goliath frog (Lair:5)
  6 deep elf zephyrmancers
  7 deep elf pyromancers
  4 orc knights
  An oklob plant (D:10)
  2 mana vipers (Snake:2)
  2 ugly things
  An orc sorcerer (Orc:2)
  5 cyclopes
  2 manticores
  7 elephants
  4 salamanders
  A molten gargoyle (Lair:4)
  2 guardian serpents
  8 black mambas
  6 cane toads
  2 gargoyles (D:11)
  A naga mage (Snake:4)
  A kobold demonologist (D:13)
  2 unseen horrors
  A rime drake (Lair:5)
  A yaktaur (D:13)
  2 komodo dragons
  3 trolls (D:11)
  A tyrant leech (Lair:5)
  3 meliai (D:15)
  A hornet (D:11)
  6 blink frogs (Lair:5)
  7 dream sheep (Lair:5)
  4 slime creatures
  A shadow (D:11)
  2 vampires
  6 fire bats
  A basilisk (Lair:5)
  2 wyverns
  28 yaks
  2 wraiths
  A human (D:13)
  4 vampire mosquitoes
  Menkaure (D:4)
  3 acid dragons
  8 nagas
  3 hell hounds (D:15)
  4 water moccasins
  A sky beast (D:7)
  2 black bears
  An ice beast (D:7)
  15 orc warriors
  5 ogres
  6 wolves
  A boggart (D:11)
  5 centaurs
  6 kobold brigands
  13 bullfrogs
  5 gnoll sergeants
  A scorpion (D:6)
  6 wights
  9 killer bees (D:8)
  8 howler monkeys
  12 electric eels
  4 lava snakes (Volcano)
  2 hounds
  9 orc priests
  Crazy Yiuf (D:3)
  A sleepcap (D:6)
  16 orc wizards
  Ijyb (D:3)
  Natasha (thrice) (D:3)
  4 iguanas
  A knight (D:10)
  12 gnolls
  6 adders
  2 shadow imps (D:8)
  3 white imps (D:8)
  2 ufetubi
  2 worms
  2 dart slugs
  78 orcs
  10 endoplasms
  5 giant cockroaches
  9 goblins
  7 hobgoblins
  3 jackals (D:3)
  29 kobolds
  2 quokkas
  3 ball pythons
  4 bats
  4 frilled lizards
  2 rats
  3 fulminant prisms
525 creatures vanquished.

Vanquished Creatures (collateral kills)
  A deep elf blademaster (Elf:3)
  Asterion (Elf:3)
  Kirke (D:13)
  7 nagarajas
  Donald (Snake:1)
  A deep elf sorcerer (Elf:2)
  Aizul (Snake:2)
  Nessos (D:14)
  2 deep elf demonologists
  A deep elf annihilator (Elf:1)
  Azrael (D:15)
  A deep elf high priest (Elf:3)
  A salamander tyrant (Snake:4)
  5 hydras
  Erica (D:10)
  11 anacondas
  A boulder beetle (Lair:2)
  18 dancing weapons
  2 centaur warriors
  A catoblepas (Lair:4)
  6 death yaks (Lair:2)
  A vampire mage (D:15)
  12 naga warriors
  A hell knight (Volcano)
  7 shock serpents
  7 naga sharpshooters
  An orc high priest (Orc:2)
  11 deep elf knights
  2 salamander mystics
  2 skeletal warriors (D:15)
  2 skysharks
  A golden dragon zombie (D:15)
  A spark wasp zombie (D:15)
  A spriggan druid (Lair:2)
  3 deep elf archers
  7 naga ritualists
  2 bog bodies (Lair:2)
  A tengu zombie (D:15)
  Pikel (D:8)
  16 deep elf pyromancers
  16 deep elf zephyrmancers
  A necromancer (D:15)
  4 orc sorcerers
  An orc knight (Orc:2)
  4 mana vipers
  12 salamanders
  4 ugly things
  4 manticores
  A frost giant zombie (D:15)
  3 cyclopes
  14 elephants
  13 naga magi
  7 guardian serpents
  16 cane toads
  35 black mambas
  2 gargoyles
  4 komodo dragons
  3 yaktaurs
  An efreet (D:15)
  5 trolls
  3 polar bears
  11 dream sheep (Lair:5)
  A nameless horror (Orc:2)
  2 blink frogs (Lair:5)
  Grinder (D:3)
  6 slime creatures
  2 air elementals
  A wyvern (D:8)
  11 yaks
  6 wraiths
  2 basilisks (shapeshifter)
  2 water elementals
  4 fire elementals
  2 hogs (D:13)
  A human (D:13)
  7 vampire mosquitoes
  3 fire bats
  A warg (Orc:2)
  3 swamp worms (Lair:2)
  37 nagas
  An acid dragon (D:11)
  3 water moccasins
  2 hell hounds (D:15)
  An ice beast (D:6)
  3 sky beasts
  5 orc warriors
  2 black bears
  A black bear (shapeshifter) (D:13)
  2 wolves (Lair:3)
  4 ogres
  3 centaurs
  3 phantoms
  A lemure (D:8)
  A kobold brigand (D:9)
  8 bullfrogs
  An earth elemental (Elf:1)
  A gnoll sergeant (D:11)
  A scorpion (D:4)
  2 wights
  A jelly (D:7)
  A howler monkey (D:8)
  2 lava snakes (Volcano)
  A hound (D:5)
  A gnoll bouda (D:8)
  2 orc priests
  2 iguanas
  8 orc wizards
  An adder (D:5)
  A gnoll (D:8)
  2 shadow imps
  3 white imps
  2 worms
  5 orcs
  A bat (D:2)
  4 endoplasms
  A hobgoblin (D:2)
  A jackal (D:3)
  A kobold (D:9)
485 creatures vanquished.

Vanquished Creatures (others)
  A blink frog (Lair:5)
  2 humans (D:13)
  24 knights
  A bush (Lair:5)
  5 demonic plants (D:8)
  150 fulminant prisms
  31 fungi
  105 plants
319 creatures vanquished.

Grand Total: 1329 creatures vanquished

Notes
Turn   | Place    | Note
-------+----------+-------------------------------------------
     0 | D:1      | Monkooky the Deep Elf Venom Mage began the quest for the
                  | Orb.
     0 | D:1      | Reached XP level 1. HP: 10/10 MP: 6/6
   238 | D:1      | Reached skill level 4 in Spellcasting
   238 | D:1      | Reached XP level 2. HP: 15/15 MP: 5/9
   507 | D:1      | Found a faded altar of an unknown god.
   585 | D:1      | Prayed at the altar of an unknown god.
   585 | D:1      | Became a worshipper of Hepliaklqana the Forgotten
   585 | D:1      | Reached * piety under Hepliaklqana
  1420 | D:2      | Reached skill level 5 in Spellcasting
  1420 | D:2      | Reached XP level 3. HP: 17/17 MP: 6/11
  1425 | D:2      | Learned a level 3 spell: Mephitic Cloud
  1670 | D:2      | Reached ** piety under Hepliaklqana
  1671 | D:2      | Remembered your ancestor Mettia as a knight
  1935 | D:2      | Reached skill level 1 in Conjurations
  2147 | D:2      | Reached XP level 4. HP: 21/21 MP: 11/13
  2152 | D:2      | Learned a level 4 spell: Olgreb's Toxic Radiance
  2891 | D:3      | Noticed Natasha
  2900 | D:3      | Killed Natasha
  2901 | D:3      | Reached XP level 5. HP: 25/25 MP: 7/14
  2910 | D:3      | Noticed Grinder
  2917 | D:3      | Paralysed by Grinder for 4 turns
  2928 | D:3      | Killed Grinder
  2929 | D:3      | Reached XP level 6. HP: 28/28 MP: 15/15
  3033 | D:3      | Noticed Ijyb
  3041 | D:3      | Killed Ijyb
  3118 | D:3      | Found a runed translucent door.
  3119 | D:3      | Noticed Crazy Yiuf
  3127 | D:3      | Killed Crazy Yiuf
  3329 | D:3      | Noticed Natasha
  3332 | D:3      | Killed Natasha
  3353 | D:3      | Noticed Natasha
  3358 | D:3      | Killed Natasha
  3372 | D:3      | Found a faded altar of an unknown god.
  3377 | D:3      | Found a hide-covered altar of Uskayaw.
  3416 | D:4      | Reached XP level 7. HP: 32/32 MP: 5/16
  3499 | D:4      | Found a staircase to the Ecumenical Temple.
  3673 | D:4      | Reached *** piety under Hepliaklqana
  3744 | D:4      | Noticed Menkaure
  3756 | D:4      | Killed Menkaure
  4215 | D:5      | Entered Level 5 of the Dungeon
  4228 | D:5      | Reached XP level 8. HP: 36/36 MP: 12/17
  4381 | D:5      | Found a white marble altar of Elyvilon.
  4417 | D:5      | Reached skill level 6 in Spellcasting
  4784 | D:5      | Reached skill level 7 in Spellcasting
  4833 | D:5      | Found a sacrificial altar of Ru.
  4834 | D:5      | Found a shadowy altar of Dithmenos.
  4922 | D:5      | Found a runed translucent door.
  4922 | D:5      | Noticed DeathPants's ghost (novice VSNe)
  4933 | D:5      | Reached **** piety under Hepliaklqana
  4946 | D:5      | Learned a level 4 spell: Fulminant Prism
  5021 | D:5      | Reached skill level 1 in Hexes
  5084 | D:5      | Found an iron altar of Okawaru.
  5692 | D:6      | Reached skill level 5 in Hexes
  5820 | D:6      | Reached XP level 9. HP: 40/40 MP: 16/22
  6238 | D:6      | Reached skill level 5 in Conjurations
  6332 | D:6      | Found a stormy altar of Qazlal.
  6391 | D:6      | Found Yczaer's Distillery.
  6399 | D:6      | Bought a potion of degeneration for 14 gold pieces
  6399 | D:6      | Bought a potion of heal wounds for 70 gold pieces
  6399 | D:6      | Bought a potion of lignification for 42 gold pieces
  6399 | D:6      | Bought a potion of mutation for 112 gold pieces
  6399 | D:6      | Bought a potion of curing for 42 gold pieces
  6399 | D:6      | Bought a potion of attraction for 42 gold pieces
  6399 | D:6      | Bought a potion of berserk rage for 70 gold pieces
  6492 | D:6      | Found a sparkling altar of Nemelex Xobeh.
  6789 | D:7      | Found a shimmering blue altar of Sif Muna.
  6797 | D:7      | Learned a level 4 spell: Iskenderun's Mystic Blast
  6802 | D:7      | Found an ancient bone altar of Kikubaaqudgha.
  6809 | D:7      | Found a radiant altar of Vehumet.
  6933 | D:7      | Found Plog's Distillery.
  7014 | D:7      | Reached skill level 1 in Translocations
  7378 | D:7      | Reached ***** piety under Hepliaklqana
  7592 | D:8      | Reached XP level 10. HP: 45/45 MP: 13/23
  7612 | D:8      | Noticed Pikel
  7619 | D:8      | Killed Pikel
  8601 | D:9      | Noticed a deep elf pyromancer
  8603 | D:9      | Killed a deep elf pyromancer
  8604 | D:9      | Reached skill level 5 in Translocations
  8609 | D:9      | Noticed a gargoyle
  8615 | D:9      | Killed a gargoyle
  8886 | D:9      | Reached skill level 10 in Conjurations
  9165 | D:9      | Found a bloodstained altar of Trog.
  9330 | D:10     | Entered Level 10 of the Dungeon
  9429 | D:10     | Noticed an oklob plant
  9436 | D:10     | Found Vaiproba's Distillery.
  9465 | D:10     | Bought a potion of might for 52 gold pieces
  9638 | D:10     | Noticed Urug
  9649 | D:10     | Noticed Erica
  9650 | D:10     | Killed Urug
  9651 | D:10     | Reached skill level 5 in Evocations
  9651 | D:10     | Reached XP level 11. HP: 31/48 MP: 6/24
  9846 | D:10     | Found a staircase to the Lair.
  9977 | D:10     | Found a portal to a secret trove of treasure.
 10132 | D:10     | Noticed a two-headed ogre
 10160 | D:10     | Killed a two-headed ogre
 10370 | D:10     | Killed an oklob plant
 10372 | D:10     | Killed Erica
 10569 | D:10     | Reached skill level 1 in Fighting
 10982 | D:11     | Noticed a skeletal warrior
 11086 | D:11     | Killed a skeletal warrior
 11087 | D:11     | Reached skill level 5 in Fighting
 11371 | D:11     | Noticed a purple ugly thing
 11379 | D:11     | Killed a purple ugly thing
 11425 | D:11     | Reached skill level 5 in Dodging
 11490 | D:11     | Noticed a cyan ugly thing
 11496 | D:11     | Killed a cyan ugly thing
 11555 | D:11     | Reached XP level 12. HP: 61/61 MP: 18/25
 11746 | D:11     | Reached skill level 1 in Summonings
 11964 | D:11     | Learned a level 3 spell: Swiftness
 12050 | D:11     | Reached skill level 1 in Air Magic
 12057 | D:11     | Identified the +6 trident "Qaxeic" {speed, MP+9 Str+3
                  | Dex+4}
 12578 | D:12     | Reached skill level 5 in Summonings
 12715 | D:12     | Learned a level 6 spell: Summon Cactus Giant
 12926 | D:12     | Found a staircase to the Orcish Mines.
 12963 | Orc:1    | Entered Level 1 of the Orcish Mines
 13059 | Orc:1    | Found Puyll's Armour Shoppe.
 13293 | Orc:2    | Entered Level 2 of the Orcish Mines
 13293 | Orc:2    | Reached ****** piety under Hepliaklqana
 13360 | Orc:2    | Noticed an orc high priest
 13366 | Orc:2    | Killed an orc high priest
 13444 | Orc:1    | Found Tiottyff's Weapon Boutique.
 13635 | Orc:1    | Found Xitiffukh's Armour Shoppe.
 13788 | Orc:2    | Reached skill level 8 in Spellcasting
 13792 | Orc:2    | Noticed an orc high priest
 13795 | Orc:2    | Killed an orc high priest
 13795 | Orc:2    | Noticed an orc high priest
 13796 | Orc:2    | Reached skill level 10 in Summonings
 13803 | Orc:2    | Noticed an orc high priest
 13835 | Orc:2    | Killed an orc high priest
 13899 | Orc:2    | Reached XP level 13. HP: 56/65 MP: 11/27
 14018 | Orc:2    | Found Cecrokhod's Armour Emporium.
 14024 | Orc:2    | Found a staircase to the Elven Halls.
 14168 | Orc:2    | Reached skill level 9 in Spellcasting
 14277 | Orc:2    | Found Wiuggir's Assorted Antiques.
 14282 | Orc:2    | Found Plog's General Store.
 14305 | Orc:2    | Bought a scroll of magic mapping for 120 gold pieces
 14311 | Orc:2    | Found Ciulacil's Jewellery Shop.
 14313 | Orc:2    | Found Maimel's Assorted Antiques.
 14321 | Orc:2    | Bought a scroll labelled DESTORGH ERGHOISE for 31 gold
                  | pieces
 14323 | Orc:2    | Bought a scroll of blinking for 232 gold pieces
 14333 | Orc:2    | Bought 2 scrolls of teleportation for 96 gold pieces
 14335 | Orc:2    | Bought a scroll of teleportation for 90 gold pieces
 14335 | Orc:2    | Bought a scroll of teleportation for 90 gold pieces
 14430 | Orc:2    | Found a runed translucent gate.
 14431 | Orc:2    | Found a runed translucent gate.
 14431 | Orc:2    | Found an opulent altar of Gozag.
 14432 | Orc:2    | Found a runed translucent gate.
 14436 | Orc:2    | Noticed Demosthentine's ghost (journeyman DsGl)
 14437 | Orc:2    | Found Oheket's Assorted Antiques.
 14578 | Lair:1   | Entered Level 1 of the Lair of Beasts
 15096 | Lair:1   | Reached skill level 10 in Spellcasting
 15779 | Lair:1   | Learned a level 7 spell: Summon Hydra
 15967 | Lair:2   | Reached skill level 11 in Spellcasting
 16178 | Lair:2   | Identified the +6 ring mail "Uputuqac" {rElec rN+ Stlth-}
 16215 | Lair:2   | Found a dark tunnel.
 16226 | Volcano  | Entered a volcano
 16516 | Volcano  | Reached XP level 14. HP: 70/70 MP: 13/31
 16533 | Volcano  | Reached skill level 12 in Spellcasting
 16712 | Volcano  | Found a radiant altar of Vehumet.
 16747 | Volcano  | Found a radiant altar of Vehumet.
 17026 | Lair:2   | Found a staircase to the Swamp.
 17235 | Lair:2   | Found a staircase to the Snake Pit.
 17587 | Lair:3   | Identified the +1 bardiche of Context {freeze, rN+ Str-2
                  | Int+8 SInv}
 18455 | Lair:4   | Learned a level 4 spell: Anguish
 18661 | Lair:4   | Identified the +8 rapier "Ymmit" {drain, *Noise Fragile
                  | rN+++ Will+ Dex+3}
 18961 | Lair:4   | Found a viscous altar of Jiyva.
 18962 | Lair:4   | Found a staircase to the Slime Pits.
 19524 | Lair:5   | Entered Level 5 of the Lair of Beasts
 19958 | Lair:5   | Reached skill level 10 in Dodging
 20552 | Lair:5   | Identified the +4 scale mail of Philately {rF+ rC+}
 20579 | Lair:5   | Reached XP level 15. HP: 46/81 MP: 18/33
 20975 | Lair:5   | Identified the +4 trident "Tidgh" {heavy, Fragile Fly Int-3
                  | Dex+4}
 21839 | D:12     | Learned a level 6 spell: Dispersal
 22249 | Swamp:1  | Entered Level 1 of the Swamp
 22529 | Snake:1  | Entered Level 1 of the Snake Pit
 23133 | Snake:1  | Noticed Donald
 23438 | Snake:1  | Noticed Josephine
 23447 | Snake:1  | Killed Josephine
 23469 | Snake:1  | Killed Donald
 23992 | Snake:2  | Reached skill level 13 in Spellcasting
 24702 | Snake:2  | Found Miezim's Armour Shoppe.
 24705 | Snake:2  | Found Diokitt's Antique Armour Shoppe.
 24705 | Snake:2  | Found Quitryss's Assorted Antiques.
 24708 | Snake:2  | Found Bauxkung's Weapon Emporium.
 24724 | Snake:2  | Bought a scroll labelled SEHYOH CEDYKKITU for 44 gold
                  | pieces
 24724 | Snake:2  | Bought a scroll labelled RAYMIAQ MUEJOHO for 44 gold pieces
 24792 | Snake:2  | Noticed a nagaraja
 24801 | Snake:2  | Killed a nagaraja
 24807 | Snake:2  | Noticed Aizul
 24811 | Snake:2  | Reached skill level 10 in Translocations
 24819 | Snake:2  | Killed Aizul
 24820 | Snake:2  | Reached skill level 14 in Spellcasting
 25676 | Orc:1    | Bought the +0 pair of boots of Lifelessness {Fly Regen+}
                  | for 176 gold pieces
 25956 | Elf:1    | Entered Level 1 of the Elven Halls
 26720 | Elf:1    | Reached XP level 16. HP: 24/86 MP: 28/36
 26851 | D:13     | You are sucked into a shaft and drop 1 floor!
 26908 | D:14     | Learned a level 2 spell: Blink
 27120 | D:14     | Noticed Nessos
 27142 | D:14     | Killed Nessos
 27348 | D:13     | Found a gate to the Vaults.
 27490 | D:13     | Reached skill level 15 in Spellcasting
 27756 | D:13     | Noticed Kirke
 27763 | D:13     | Killed Kirke
 28346 | D:10     | You paid a toll of 17 scrolls of teleportation to enter a
                  | treasure trove
 28347 | Trove    | Entered a treasure trove
 28374 | Trove    | Got Sif Muna's Information on the Curse
 28380 | Trove    | Got the Notes on Burnt Jinxing
 28398 | Trove    | Identified the amulet "Aseuvext" {RegenMP Int+3 Dex+4}
 28478 | D:10     | Reached skill level 16 in Spellcasting
 28478 | D:10     | Reached XP level 17. HP: 90/90 MP: 37/39
 28488 | D:10     | Learned a level 8 spell: Disjunction
 28497 | D:10     | Learned a level 7 spell: Enfeeble
 28600 | D:15     | Entered Level 15 of the Dungeon
 28798 | D:15     | Noticed Azrael
 28808 | D:15     | Killed Azrael
 28971 | D:15     | Found Lehox's Antique Armour Shoppe.
 29187 | D:15     | Found a staircase to the Depths.
 29235 | D:15     | Found a broken altar of Ashenzari.
 29279 | D:15     | Found a radiant altar of Vehumet.
 30347 | Snake:3  | Reached skill level 5 in Invocations
 30524 | Snake:3  | Identified the staff of cold "Coyvuiq" {*Slow rC+ Int+4
                  | Dex+5}
 30732 | Snake:4  | Entered Level 4 of the Snake Pit
 31134 | Snake:4  | Reached skill level 10 in Hexes
 31375 | Snake:4  | Found Ximass's Armour Shoppe.
 31383 | Snake:4  | Found Leinaots's General Store.
 31387 | Snake:4  | Bought a potion of resistance for 150 gold pieces
 31801 | Snake:4  | Reached XP level 18. HP: 73/96 MP: 18/40
 32698 | Snake:4  | Got a serpentine rune of Zot
 33393 | Elf:1    | Reached skill level 15 in Hexes
 33842 | Elf:1    | Identified the +3 glaive "Naniel" {vamp, Will++ Dex+3}
 34086 | Elf:1    | Got the Incunable of Conflict
 34261 | Elf:1    | Identified the +9 quarterstaff "Hiowuex" {flame, Dex+3}
 34267 | Elf:1    | Reached skill level 17 in Spellcasting
 34773 | Elf:2    | Reached skill level 18 in Spellcasting
 34894 | Elf:2    | Paralysed by an air elemental for 1 turns
 34897 | Elf:2    | Paralysed by an air elemental for 1 turns
 34954 | Elf:2    | Found a runed translucent gate.
 34955 | Elf:2    | Found a runed translucent gate.
 34955 | Elf:2    | Found a runed translucent gate.
 35008 | Elf:2    | Reached skill level 10 in Evocations
 35293 | Elf:2    | Identified the +6 spear "Qamutan" {spect, rF++ rN+ MP-9}
 35471 | Elf:2    | Identified a scroll of acquirement
 35472 | Elf:2    | Acquired the +3 warlock's mirror {omnireflect}
 35472 | Elf:2    | Found the +3 warlock's mirror {omnireflect}
 35534 | Elf:2    | Reached skill level 1 in Shields
 35814 | Elf:3    | Entered Level 3 of the Elven Halls
 35963 | Elf:3    | Paralysed by an air elemental for 1 turns
 35965 | Elf:3    | Paralysed by an air elemental for 1 turns
 36157 | Elf:3    | Noticed Asterion
 36165 | Elf:3    | Killed Asterion
 36778 | Elf:3    | Reached XP level 19. HP: 60/100 MP: 12/43
 36858 | Elf:3    | Reached skill level 5 in Shields
 36904 | Elf:3    | Killed from afar by a deep elf sorcerer

Illustrated notes

Levels and vault maps discovered:
D:1:      ncdulo_lavacross, layout_basic, ebering_ecumenical_altar_hall
D:2:      cheibrodos_helix_gallery, layout_basic
D:3:      minmay_spotlight, layout_loops_ring,
          nicolae_overflow_ecumenical_swirl, uniq_natasha, uniq_ijyb,
          uniq_grinder, uniq_crazy_yiuf_cottage
D:4:      layout_loops_ring, temple_pool_b, minmay_box_of_dots, uniq_menkaure
D:5:      layout_layer_cave, mainiacjoe_overflow_divided_tiny,
          nicolae_overflow_crystal_walls, okawaru_altar_gauntlet_db,
          hellmonk_ghost_happy_afterlife
D:6:      layout_rooms, lemuel_doored_altar, mainiacjoe_overflow_24_doors,
          serial_shops, nicolae_diamond_shop, dreamdust_princess_bridge
D:7:      layout_gridville, palyth_temple_overflow_mages, serial_shops,
          shop_statue, nicolae_figureground_pulse
D:8:      layout_loops_ring, serial_demonic, serial_demonic_c, serial_demonic_f,
          serial_demonic_b, serial_demonic_d, serial_demonic_c, uniq_pikel
D:9:      layout_roguey [special_room_orc], kennysheep_little_box,
          minmay_three_doors
D:10:     layout_roguey, dpeg_oklobed_lair, serial_shops, kennysheep_mini_moat,
          enter_trove_6, uniq_urug, uniq_erica
D:11:     minmay_imperfect_grid, layout_irregular_city, kennysheep_boxes
D:12:     layout_roguey, kennysheep_orc_monster_closet_entryway
D:13:     layout_roguey, erik_vaults_1, lightli_corner_chamber, uniq_kirke
D:14:     layout_basic, minmay_misc_feat_columns, uniq_nessos
D:15:     gammafunk_depths_entry_grave, layout_cave_pools,
          nicolae_vehumet_radiance, serial_shops, shop_fountains,
          nicolae_two_hexagons, nicolae_ashenzari_skybound, uniq_azrael
Lair:1:   layout_gridlike, serial_bayou_shore_a, infiniplex_staircase_pool_2,
          lemuel_fruit_tree
Lair:2:   layout_regular_city, nicolae_swamp_entry_splash_gauntlet,
          minmay_snake_entry_guardpost_medium, nicolae_volcano_entry_two_sided,
          chequers_serial_rivers_room_a
Lair:3:   layout_hall_layers
Lair:4:   layout_gridlike, slime_entry_1
Lair:5:   minmay_lair_end_frog_pond, layout_hall_layers
Swamp:1:  layout_basic_swamp, hangedman_swamp_ruin_wall,
          beargit_elvish_explorers, uniq_jorgrun, uniq_frances
Snake:1:  layout_basic, uniq_donald, uniq_josephine
Snake:2:  nrook_guardian_serpent_snake_passage, layout_misc_corridors,
          minmay_shoptagon, uniq_aizul
Snake:3:  layout_misc_corridors
Snake:4:  grunt_snake_rune_serpentine_throne, layout_cave_town,
          nicolae_snake_gridmaze_zigzag, minmay_shop_star
Orc:1:    layout_caves, serial_shops, nicolae_shop_bloodbath_and_beyond,
          shop_statue, shop, nicolae_orc_stony_grotto
Orc:2:    st_orc_elflike, layout_diamond_mine, ebering_ghost_gozag,
          serial_shops, shop
Elf:1:    layout_loops_corners, minmay_elf_annihilation,
          nicolae_elf_big_sculpture_1, minivault_16
Elf:2:    nicolae_elf_blades_crystal_corner, layout_geoelf_octagon,
          dk_noncrumbling_2
Elf:3:    minmay_elf_hall_hex, layout_onion_city, uniq_asterion

Skill      XL: |  1  2  3  4  5  6  7  8  9 10 11 12 13 14 15 16 17 18 19 |
---------------+----------------------------------------------------------+-----
Spellcasting   | 4 5 7 8 11 12 14 16 18 | 18.1
Conjurations   | 1 3 7 10 | 10.5
Poison Magic   | 4 6 7 8 |  8.2
Evocations     | 3 5 7 9 10 | 10.9
Invocations    | 3 4 7 |  7.0
Hexes          | 5 9 12 15 | 15.0
Translocations | 2 5 10 11 14 | 14.0
Fighting       | 5 9 |  9.7
Dodging        | 6 7 10 12 | 12.4
Summonings     | 10 14 | 14.3
Air Magic      | 3 |  3.0
Shields        | 4 5 |  5.1
Stealth        | |  2.4
Transmutations | |  1.1

Action                     |  1- 3 |  4- 6 |  7- 9 | 10-12 | 13-15 | 16-18 | 19-21 || total
---------------------------+-------+-------+-------+-------+-------+-------+-------++-------
  Melee: Unarmed           |     1 |       |       |       |       |       |       ||     1
         Quarterstaff      |       |     1 |    10 |    16 |       |       |       ||    27
         Staff             |       |       |       |    11 |    26 |     3 |       ||    40
         Punch             |       |       |       |     1 |       |       |       ||     1
         Bardiche          |       |       |       |       |    19 |     4 |       ||    23
   Cast: Sting             |    85 |    50 |    80 |    57 |    14 |       |       ||   286
         Olgreb's Toxic Ra |       |    10 |    50 |   126 |   115 |    36 |     1 ||   338
         Mephitic Cloud    |       |     4 |     4 |    29 |    20 |     6 |     2 ||    65
         Fulminant Prism   |       |       |    13 |    69 |    59 |    12 |       ||   153
         Iskenderun's Myst |       |       |       |     1 |    14 |     6 |       ||    21
         Summon Cactus Gia |       |       |       |     2 |    57 |    17 |     1 ||    77
         Summon Hydra      |       |       |       |       |    59 |   206 |     5 ||   270
         Anguish           |       |       |       |       |     3 |       |       ||     3
         Swiftness         |       |       |       |       |     2 |     3 |       ||     5
         Dispersal         |       |       |       |       |     2 |     1 |       ||     3
         Blink             |       |       |       |       |       |     7 |       ||     7
         Enfeeble          |       |       |       |       |       |    89 |     3 ||    92
         Disjunction       |       |       |       |       |       |    10 |       ||    10
 Invoke: Recall Ancestor   |     2 |       |       |    11 |     6 |    26 |       ||    45
         Ancestor Identity |     1 |       |       |       |       |       |       ||     1
         Ancestor Life: Kn |     1 |       |       |       |       |       |       ||     1
         Transference      |       |       |       |     1 |     2 |       |       ||     3
         Idealise          |       |       |       |       |       |     1 |       ||     1
  Evoke: Wand              |       |     7 |     7 |     5 |     7 |     6 |       ||    32
         Tin of tremorston |       |       |       |       |     1 |     4 |       ||     5
    Use: Scroll            |       |       |    11 |     4 |    11 |     7 |       ||    33
         Potion            |       |       |       |     2 |    10 |     4 |       ||    16
   Stab: Confused          |       |       |       |     2 |       |       |       ||     2
         Distracted        |       |       |       |       |     2 |     1 |       ||     3
 Armour: Robe              |     5 |     1 |     6 |     9 |    33 |    47 |       ||   101
  Dodge: Dodged            |    14 |     6 |    22 |    41 |   128 |   121 |     1 ||   333
  Block: Buckler           |       |       |       |       |       |     6 |       ||     6
         Reflection        |       |       |       |       |       |     3 |       ||     3

Table legend: (Time is in decaauts)
 A = Elapsed time spent in this place.
 B = Non-inter-level travel time spent in this place.
 C = Inter-level travel time spent in this place.
 D = Time resting spent in this place.
 E = Time spent auto-exploring this place.
 F = Levels seen in this place.
 G = Mean time per level.
                   A        B        C        D        E       F      G
               +--------+--------+--------+--------+--------+-----+--------+
         Total |  37052 |  33390 |   3662 |   5012 |  21448 |  32 | 1157.9 |
       Dungeon |  17197 |  15534 |   1663 |   1713 |  11045 |  15 | 1146.5 |
          Lair |   7734 |   6598 |   1136 |   1469 |   3902 |   5 | 1546.8 |
         Swamp |     21 |     21 |      0 |      0 |      0 |   1 |   21.0 |
     Snake Pit |   5720 |   5397 |    323 |    888 |   3203 |   4 | 1430.0 |
  Orcish Mines |   2126 |   1758 |    368 |    456 |    933 |   2 | 1063.0 |
   Elven Halls |   3551 |   3381 |    170 |    298 |   2225 |   3 | 1183.7 |
         Trove |    123 |    123 |      0 |      0 |     26 |   1 |  123.0 |
       Volcano |    577 |    577 |      0 |    188 |    113 |   1 |  577.0 |
               +--------+--------+--------+--------+--------+-----+--------+

Top non-repeatable levels by time:
  Lair:2: 2298 daAuts
    D:11: 1948 daAuts
  Lair:4: 1927 daAuts
    D:10: 1890 daAuts
 Snake:4: 1872 daAuts
 Snake:1: 1656 daAuts
   Elf:1: 1557 daAuts
     D:5: 1553 daAuts
   Orc:2: 1466 daAuts
    D:12: 1447 daAuts
     D:1: 1410 daAuts
  Lair:1: 1318 daAuts
  Lair:5: 1199 daAuts
 Snake:2: 1171 daAuts
     D:2: 1102 daAuts
